 Dungeon Crawl Stone Soup version 0.29-a0-364-g921d912d32 (webtiles) character file.

Game seed: 11699005499994610268

898 jlumianski the Chopper (level 7, 0/55 HPs)
             Began as a Demonspawn Fighter on Apr 30, 2022.
             Was a Follower of Wu Jian.
             Slain by an ufetubus (2 damage)
             ... summoned by a kobold demonologist
             ... on level 5 of the Dungeon.
             The game lasted 00:16:45 (5512 turns).

jlumianski the Chopper (Demonspawn Fighter)         Turns: 5512, Time: 00:16:46

Health: 0/55       AC: 15    Str: 18    XL:     7   Next: 79%
Magic:  7/7        EV:  7    Int: 10    God:    Wu Jian [*.....]
Gold:   232        SH:  5    Dex: 12    Spells: 6/6 levels left

rFire   + . .      SeeInvis .   a - +0 war axe
rCold   + + .      Faith    .   c - +0 buckler
rNeg    + . .      Spirit   .   o - +0 chain mail
rPois   .          Reflect  .   (helmet restricted)
rElec   .          Harm     .   q - scarf {rC+ rF+}
rCorr   +          Rampage  .   (no gloves)
Will    .....                   l - +1 pair of boots
Stlth   ..........              p - amulet of the acrobat
HPRegen 0.18/turn               h - ring of flight
MPRegen 0.10/turn               f - ring "Urye" {rC+ rN+ rCorr Stlth-}

@: lethally poisoned (0 -> -2), flying
A: horns 2, yellow scales 2
a: Renounce Religion


You were on level 5 of the Dungeon.
You worshipped Wu Jian.
Wu Jian was aware of your devotion.
You visited 1 branch of the dungeon, and saw 5 of its levels.

You collected 232 gold pieces.

Inventory:

Hand Weapons
 a - a +0 war axe (weapon)
Missiles
 i - 112 stones
 k - 4 poisoned darts
 t - 5 atropa-tipped darts (quivered)
Armour
 b - a +0 scale mail
 c - a +0 buckler (worn)
 l - a +1 pair of boots (worn)
 o - a +0 chain mail (worn)
 q - a scarf of resistance (worn)
Jewellery
 f - the ring "Urye" (right hand) {rC+ rN+ rCorr Stlth-}
   (You acquired it on level 4 of the Dungeon)

   [ring of positive energy]

   rC:        It protects you from cold.
   rN:        It protects you from negative energy.
   rCorr:     It protects you from acid and corrosion.
   Stlth:     It makes you less stealthy.
 h - a ring of flight (left hand)
 p - an amulet of the acrobat (around neck)
 v - a ring of ice
Wands
 w - a wand of flame (16)
Scrolls
 g - a scroll of teleportation
 j - a scroll of noise
 m - 2 scrolls of identify
 n - a scroll of immolation
 r - 2 scrolls of amnesia
Potions
 d - a potion of might


   Skills:
 + Level 4.5 Fighting
 + Level 5.3 Axes
 + Level 4.9 Armour
 + Level 1.5 Dodging
 + Level 4.0 Shields


You had 6 spell levels left.
You didn't know any spells.
Your spell library contained the following spells:

 Spells                   Type           Power      Damage    Failure   Level
 Shock                    Conj/Air       0%         1d3       99%         1
 Conjure Flame            Conj/Fire      0%         6-21      100%        3
 Ignite Poison            Fire/Tmut/Pois 0%         N/A       100%        3
 Swiftness                Air            0%         N/A       100%        3
 Airstrike                Air            0%         N/A       100%        4
 Sticky Flame             Conj/Fire      0%         2d3       100%        4
 Blade Hands              Tmut           0%         N/A       100%        5
 Irradiate                Conj/Tmut      0%         3d13      100%        5
 Dragon Form              Tmut           0%         N/A       100%        7


Dungeon Overview and Level Annotations

Branches:
Dungeon (5/15)             Temple (0/1) D:4

Altars:
Ashenzari
Makhleb
Qazlal
Vehumet
Wu Jian
Xom

Shops:
D:3 =


Innate Abilities, Weirdness & Mutations

You have a pair of horns on your head.
You are mostly covered in yellow scales. (AC +3)


Message History

The kobold demonologist hits you but does no damage.
You spin to attack the white imp, but your attack speed is too slow for a blow to land.
You spin and attack the shadow imp.
You closely miss the shadow imp.
You feel very sick.
The orange demon stings you but does no damage.
The white imp hits you but does no damage.
You block the shadow imp's attack.
You spin and attack the white imp.
You barely miss the white imp. Your headbutt misses the white imp.
You feel sick. You block the orange demon's attack.
The white imp hits you but does no damage.
The kobold throws a stone.
The stone barely misses you.
The kobold demonologist gestures wildly while chanting.
The shadow imp attacks as you move away!
The shadow imp barely misses you.
You feel sick.
The white imp disappears in a puff of smoke!
The shadow imp gestures at you. Pain shoots through your body!
* * * LOW HITPOINT WARNING * * *
The kobold throws a stone.
The stone completely misses you.
You feel yourself speed up.
You feel sick. The ufetubus closely misses you.
The ufetubus hits you but does no damage.
The orange demon stings you but does no damage.
The ufetubus hits you but does no damage. x2
You spin to attack the ufetubus, but your attack speed is too slow for a blow to land.
You feel sick. The ufetubus misses you. The ufetubus completely misses you.
You feel sick.
The kobold demonologist casts a spell.
You feel sick.
The kobold demonologist begins to cast a cantrip, but forgets the words!
You feel sick. The shadow imp gestures at you. Pain shoots through your body!
* * * LOW HITPOINT WARNING * * *
The kobold demonologist mumbles some strange words.
Your magical effects are unravelling.
You feel magically purged.
You feel yourself slow down. The ufetubus closely misses you.
The ufetubus hits you.
You die...

....#.#.#
###.......#
#....#.#
###...###
#...#.# #.###
##....### .##
##.....###
..#
#._.<...###.#
#..........#
#...#......#
#.#..#@...##
#.#...5...#
#.#......##
#.#.54K..##
#.....K5..#
#...K4K3.##
#.P...K..#
#.P..)K.##
#.P....##


You could see an orange demon (summoned), a hellwing (summoned), 2 kobold
demonologists, a neqoxec (summoned), 2 kobold brigands, a white imp (summoned),
a shadow imp (summoned), an ufetubus (summoned) and 2 kobolds.

Vanquished Creatures
  Grinder (D:5)
  Duvessa (D:4)
  A black bear (D:3)
  A phantom (D:4)
  A necrophage (D:5)
  Dowan (D:4)
  3 hounds
  An iguana (D:4)
  3 gnolls
  9 adders
  An ufetubus (D:4)
  4 worms
  4 dart slugs
  8 orcs
  3 ball pythons
  7 endoplasms
  2 giant cockroaches
  8 goblins
  2 hobgoblins
  4 jackals (D:1)
  7 quokkas
  4 bats
  3 frilled lizards
  7 kobolds
  2 rats
88 creatures vanquished.

Notes
Turn   | Place    | Note
-------+----------+-------------------------------------------
     0 | D:1      | jlumianski the Demonspawn Fighter began the quest for the
                  | Orb.
     0 | D:1      | Reached XP level 1. HP: 18/18 MP: 1/1
   282 | D:1      | Gained mutation: You have a pair of small horns on your
                  | head. [demonic ancestry]
   282 | D:1      | Reached XP level 2. HP: 19/24 MP: 2/2
   615 | D:1      | Reached skill level 2 in Axes
  1195 | D:2      | Gained mutation: You have a pair of horns on your head.
                  | [demonic ancestry]
  1195 | D:2      | Reached XP level 3. HP: 25/29 MP: 3/3
  2007 | D:2      | Reached skill level 1 in Dodging
  2007 | D:2      | Reached XP level 4. HP: 36/36 MP: 4/4
  2364 | D:3      | Found a broken altar of Ashenzari.
  2458 | D:3      | Found an ornate altar of the Wu Jian Council.
  2458 | D:3      | Found a burning altar of Makhleb.
  2464 | D:3      | Became a worshipper of the Wu Jian Council
  2529 | D:3      | Found a shimmering altar of Xom.
  2633 | D:3      | Found a faded altar of an unknown god.
  2895 | D:3      | Found a radiant altar of Vehumet.
  3125 | D:3      | Found Umeav's Jewellery Emporium.
  3224 | D:4      | Noticed Duvessa
  3225 | D:4      | Noticed Dowan
  3543 | D:4      | Noticed a scorpion
  3903 | D:4      | Found a staircase to the Ecumenical Temple.
  3920 | D:4      | Gained mutation: You are partially covered in yellow
                  | scales. (AC +2) [demonic ancestry]
  3920 | D:4      | Reached XP level 5. HP: 36/42 MP: 5/5
  3954 | D:5      | Entered Level 5 of the Dungeon
  3954 | D:5      | Noticed a kobold demonologist
  3954 | D:5      | Noticed a kobold demonologist
  3954 | D:5      | Found a stormy altar of Qazlal.
  3956 | D:5      | Noticed a ynoxinul
  3993 | D:4      | Noticed a black bear
  4087 | D:3      | Killed a black bear
  4088 | D:3      | Reached skill level 3 in Axes
  4300 | D:4      | Reached * piety under Wu Jian
  4301 | D:4      | Gained mutation: You are mostly covered in yellow scales.
                  | (AC +3) [demonic ancestry]
  4301 | D:4      | Reached XP level 6. HP: 48/48 MP: 6/6
  4399 | D:4      | Identified a scroll of acquirement
  4399 | D:4      | Acquired the ring "Urye" {rC+ rN+ rCorr Stlth-}
  4496 | D:4      | Killed Duvessa
  4507 | D:4      | Killed Dowan
  4508 | D:4      | Reached skill level 4 in Axes
  4740 | D:4      | Reached XP level 7. HP: 54/54 MP: 7/7
  5288 | D:5      | Noticed Grinder
  5304 | D:5      | Paralysed by Grinder for 5 turns
  5311 | D:5      | Killed Grinder
  5312 | D:5      | Reached skill level 5 in Axes
  5500 | D:5      | Noticed an orange demon
  5509 | D:5      | Noticed a neqoxec
  5511 | D:5      | HP: 1/55 [shadow imp/nerve-wracking pain[a kobold
                  | demonologist] (6)]
  5512 | D:5      | Noticed a hellwing
  5512 | D:5      | Slain by an ufetubus

Illustrated notes

Levels and vault maps discovered:
D:1:      psy_arrival_heroes, layout_basic, minmay_misc_feat_secret_circle
D:2:      layout_loops_corners, minmay_splitting_lines,
          minmay_misc_feat_enclosed
D:3:      layout_basic, mainiacjoe_overflow_alcove_4,
          gammafunk_temple_overflow_statue, lemuel_crystal_altar,
          mainiacjoe_overflow_small_starburst, basic_ecumenical_altar,
          serial_shops, nicolae_shop_statue_plus,
          nicolae_concentric_dashed_squares_wild
D:4:      layout_rooms, minmay_temple_entry_offerings, serial_rivers,
          chequers_serial_rivers_small_3, chequers_serial_rivers_room_a,
          chequers_serial_rivers_large_b, chequers_serial_rivers_micro_c,
          chequers_serial_rivers_marsh, nicolae_underground_beach, uniq_duvessa
D:5:      layout_cave_pods, mainiacjoe_overflow_boulevard, uniq_grinder

Skill      XL: |  1  2  3  4  5  6  7 |
---------------+----------------------+-----
Axes           | 2 3 4 5 |  5.3
Shields        | 3 4 |  4.0
Armour         | 3 4 |  4.9
Dodging        | 1 |  1.5
Fighting       | 4 |  4.5

Action                   |  1- 3 |  4- 6 |  7- 9 || total
-------------------------+-------+-------+-------++-------
Melee: War axe           |    73 |   139 |    67 ||   279
       Headbutt          |     6 |    22 |    10 ||    38
Invok: Lunge             |       |    10 |     1 ||    11
       Whirlwind         |       |       |     7 ||     7
  Use: Potion            |       |     3 |     2 ||     5
       Scroll            |       |     3 |     5 ||     8
Armor: Scale mail        |    52 |     2 |       ||    54
       Chain mail        |       |    96 |    76 ||   172
Dodge: Dodged            |    38 |    81 |    48 ||   167
Block: Buckler           |    24 |    48 |    22 ||    94

Table legend: (Time is in decaauts)
 A = Elapsed time spent in this place.
 B = Non-inter-level travel time spent in this place.
 C = Inter-level travel time spent in this place.
 D = Time resting spent in this place.
 E = Time spent auto-exploring this place.
 F = Levels seen in this place.
 G = Mean time per level.
                   A        B        C        D        E       F      G
               +--------+--------+--------+--------+--------+-----+--------+
         Total |   5609 |   5553 |     56 |    727 |   3182 |   5 | 1121.8 |
       Dungeon |   5609 |   5553 |     56 |    727 |   3182 |   5 | 1121.8 |
               +--------+--------+--------+--------+--------+-----+--------+

Top non-repeatable levels by time:
     D:3: 1799 daAuts
     D:1: 1159 daAuts
     D:2: 1148 daAuts
     D:4: 1128 daAuts
     D:5: 373 daAuts
